 Dungeon Crawl Stone Soup version 0.19-a0-678-ge7aab0b (webtiles) character file.

68 pisswolf the Cudgeler (level 4, -9/33 HPs)
             Began as a Demonspawn Gladiator on June 16, 2016.
             Mangled by a gnoll
             ... wielding a +0 halberd
              (10 damage)
             ... on level 2 of the Dungeon.
             The game lasted 00:03:06 (2215 turns).

pisswolf the Cudgeler (Demonspawn Gladiator)        Turns: 2215, Time: 00:03:06

Health: -9/33      AC:  8    Str: 14 (15) XL:     4   Next: 1%
Magic:  4/4        EV: 11    Int: 10 (11) God:
Gold:   92         SH:  0    Dex: 14 (15) Spells: 0 memorised, 3 levels left

rFire  . . .     SeeInvis .     a - +0 flail
rCold  . . .     Gourm    .     l - +0 ring mail
rNeg   . . .     Faith    .     (no shield)
rPois  .         Spirit   .     r - +0 helmet
rElec  .         Dismiss  .     (no cloak)
rCorr  .         Reflect  .     (no gloves)
SustAt +         Harm     .     s - +1 pair of boots {Fly}
MR     .....                    (no amulet)
Stlth  +.........               (no ring)
                                e - ring of sustain attributes

@: not resistant to hostile enchantments, very unstealthy
A: talons 1, clever 1, powered by death 1
a: Evoke Flight


You were on level 2 of the Dungeon.
You were very hungry.

You visited 1 branch of the dungeon, and saw 2 of its levels.

You collected 92 gold pieces.

Inventory:

Hand Weapons
 a - a +0 flail (weapon)
Missiles
 d - 3 throwing nets (quivered)
Armour
 b - a +0 leather armour
 c - a +0 helmet
 l - a +0 ring mail (worn)
 r - a +0 helmet (worn)
 s - a +1 pair of boots of flying (worn)
Jewellery
 e - a ring of sustain attributes (left hand)
Scrolls
 h - 2 scrolls of teleportation {unknown}
 i - a scroll of amnesia {unknown}
 j - a scroll of identify {unknown}
 n - a scroll of fear {unknown}
 p - a scroll of blinking {unknown}
 q - a scroll of remove curse {unknown}
Potions
 k - a potion of degeneration
 o - a potion of curing {unknown}
Comestibles
 f - a bread ration
 g - a royal jelly


   Skills:
 - Level 2.0 Fighting
 + Level 3.7 Maces & Flails
 - Level 1.7 Throwing
 + Level 1.6 Armour
 - Level 2.6 Dodging
 + Level 1.0 Stealth


You had 3 spell levels left.
You didn't know any spells.

Dungeon Overview and Level Annotations

Branches:
Dungeon (2/15)

Altars:
Ashenzari
Okawaru
Pakellas


Innate Abilities, Weirdness & Mutations

You have sharp toenails.
You regenerate a little health from kills.
Your mind is acute. (Int +2)


Message History

The gnoll hits you with a halberd.
You barely miss the gnoll.
The gnoll is moderately wounded.
The gnoll hits you but does no damage.
You closely miss the gnoll.
The gnoll is moderately wounded.
The gnoll hits you with a halberd.
You hit the gnoll but do no damage.
The gnoll is moderately wounded.
The gnoll hits you with a halberd!
* * * LOW HITPOINT WARNING * * *
You are too injured to fight recklessly!
It was a potion of degeneration.
There was something very wrong with that liquid.
You feel somewhat weakened.
You feel somewhat dopey.
You feel somewhat clumsy. The gnoll closely misses you.
It was a potion of beneficial mutation.
You feel clever.
You feel fantastic! The gnoll hits you with a halberd!
You die...

#.# #≈P≈##.# # #.# ##♣♣♣♣≈#.# #
#.###### ###≈♣≈≈≈≈♣.# # #......#
..♣≈≈P♣≈P♣.# # ♣♣♣###.##...#
..♣≈P≈≈≈≈≈≈## ♣♣♣P≈≈≈PP≈P...#
.♣♣≈≈≈≈≈≈≈♣P#
♣♣≈≈≈≈P≈P≈≈...####P♣P≈≈P≈≈≈≈♣≈#
≈≈≈≈≈≈≈P≈P≈...###.≈♣≈≈≈≈≈≈≈≈≈♣♣#
≈≈≈≈≈≈≈≈≈≈P.....@g♣≈≈gP≈≈≈♣≈♣♣P#
≈≈≈≈≈≈≈≈≈≈)...####≈♣≈P≈≈≈≈≈≈≈≈P##
≈≈≈≈≈≈≈≈≈PP......≈♣≈P≈≈≈≈≈≈≈≈P♣..
≈≈≈≈≈≈≈PP≈PP..##.♣P≈≈≈≈≈≈≈≈≈†≈≈♣#
P≈≈≈≈≈P≈≈≈P≈.....≈≈≈≈≈≈≈≈≈≈≈≈≈≈P#
♣P≈≈≈≈≈P≈≈P...##.P♣≈≈≈≈≈≈≈≈≈≈P♣♣#
♣P≈≈≈PPP≈P≈≈.....≈≈♣≈≈≈≈≈≈≈≈≈≈≈≈#
♣♣♣≈≈P≈P≈P≈≈...#.♣♣P≈≈≈≈≈≈≈≈≈≈≈♣#
♣♣♣♣♣####.......≈♣≈P≈≈≈≈≈≈≈≈≈P♣.


You could see a gnoll.

Vanquished Creatures
  2 gnolls (D:2)
  2 adders (D:2)
  A worm (D:2)
  A dart slug (D:2)
  A giant gecko (D:2)
  3 giant cockroaches
  2 hobgoblins (D:2)
  4 kobolds (D:2)
  A quokka (D:2)
  A bat (D:1)
  4 giant newts (D:2)
  2 goblins
  6 rats
30 creatures vanquished.

Vanquished Creatures (others)
  3 plants (D:2)
3 creatures vanquished.

Grand Total: 33 creatures vanquished

Notes
Turn   | Place    | Note
--------------------------------------------------------------
     0 | D:1      | pisswolf the Demonspawn Gladiator began the quest for the Orb.
     0 | D:1      | Reached XP level 1. HP: 16/16 MP: 1/1
   278 | D:1      | Reached skill level 3 in Maces & Flails
   644 | D:2      | Gained mutation: You have sharp toenails. [demonic ancestry]
   644 | D:2      | Reached XP level 2. HP: 9/22 MP: 2/2
   829 | D:2      | Found an oddly glowing altar of Pakellas.
   931 | D:2      | Found an iron altar of Okawaru.
  1215 | D:2      | Reached skill level 1 in Armour
  1215 | D:2      | Gained mutation: You regenerate a little health from kills. [demonic ancestry]
  1215 | D:2      | Reached XP level 3. HP: 23/27 MP: 3/3
  1336 | D:2      | Found a shattered altar of Ashenzari.
  1729 | D:2      | Reached skill level 1 in Stealth
  2177 | D:2      | Reached XP level 4. HP: 33/33 MP: 4/4
  2213 | D:2      | HP: 1/33 [gnoll/halberd (9)]
  2215 | D:2      | Gained mutation: Your mind is acute. (Int +2) [potion of beneficial mutation]
  2215 | D:2      | Mangled by a gnoll

Vault maps used:
D:1:      sevenhm_arrival_forest_fort_small_4
D:2:      evilmike_ruin_ashenzari, lemuel_crystal_altar, serial_bayou,
          serial_bayou_lake_a, serial_bayou_shore_b, serial_bayou_ford_a,
          serial_bayou_shore_a, okawaru_ov_weapons_minmay

Skill      XL: |  1  2  3 |
---------------+----------+-----
Maces & Flails | 3 |  3.7
Armour         | 1 |  1.6
Stealth        | 1 |  1.0
Fighting       | |  2.0
Throwing       | |  1.7
Dodging        | |  2.6

Action                   |  1- 3 |  4- 6 || total
-------------------------+-------+-------++-------
Melee: Flail             |   107 |     8 ||   115
       Kick              |     9 |       ||     9
 Abil: Stop Flying       |       |     1 ||     1
  Use: Potion            |       |     2 ||     2
 Stab: Sleeping          |     1 |       ||     1
  Eat: Chunk             |     3 |       ||     3
Armor: Ring mail         |    31 |     1 ||    32
       Leather armour    |     1 |       ||     1
Dodge: Dodged            |    68 |     5 ||    73
